 Dungeon Crawl Stone Soup version 0.30-a0-377-g5cb311bc9f (webtiles) character file.

Game seed: 10685523258963457146

19 mopl the Caller (level 2, -2/17 HPs)
             Began as an Octopode Summoner on Nov 28, 2022.
             Slain by a jackal (3 damage)
             ... on level 1 of the Dungeon.
             The game lasted 00:00:44 (229 turns).

mopl the Caller (Octopode Summoner)                  Turns: 229, Time: 00:00:45

Health: -2/17      AC:  1    Str:  7    XL:     2   Next: 75%
Magic:  4/5        EV: 13    Int: 17    God:
Gold:   0          SH:  0    Dex: 12    Spells: 2/5 levels left

rFire   . . .      SeeInvis .    b - +1 dagger (holy)
rCold   . . .      Faith    .    (no shield)
rNeg    . . .      Spirit   .    (helmet restricted)
rPois   .          Reflect  .    (no amulet)
rElec   .          Harm     .    (no ring)
rCorr   .          Rampage  .    (no ring)
Will    .....                    (no ring)
Stlth   +++.......               (no ring)
HPRegen 0.22/turn                (no ring)
MPRegen 0.09/turn                (no ring)
                                 (no ring)
                                 (no ring)

@: no status effects
A: almost no armour, amphibious, 8 rings, camouflage 1, gelatinous body 1,
(nimble swimmer 1), tentacles
a: no special abilities


You were on level 1 of the Dungeon.
You visited 1 branch of the dungeon, and saw 1 of its levels.

Inventory:

Hand Weapons
 b - a +1 dagger of holy wrath (weapon)
Scrolls
 c - 2 scrolls of identify {unknown}
 f - a scroll of fear {unknown}
Potions
 a - a potion of magic
 d - a potion of curing {unknown}
 e - 2 potions of mutation {unknown}
 g - a potion of heal wounds {unknown}


   Skills:
 + Level 2.3 Dodging
 + Level 3.2 Stealth
 + Level 2.2 Spellcasting
 + Level 4.2 Summonings


You had 2 spell levels left.
You knew the following spells:

 Your Spells              Type           Power      Damage    Failure   Level
a - Summon Small Mammal   Summ           64%        N/A       3%          1
b - Call Imp              Summ           16%        N/A       4%          2

Your spell library contained the following spells:

 Spells                   Type           Power      Damage    Failure   Level
 Call Canine Familiar     Summ           16%        N/A       10%         3
 Summon Guardian Golem    Hex/Summ       9%         N/A       24%         3
 Summon Lightning Spire   Summ/Air       9%         N/A       61%         4


Dungeon Overview and Level Annotations

Branches:
Dungeon (1/15)

Altars:


Innate Abilities, Weirdness & Mutations

You cannot wear most types of armour.
You are amphibious.
You can wear up to eight rings at the same time.
Your skin changes colour to match your surroundings (Stealth+).
Your rubbery body absorbs attacks. (AC +1, EV +1)
((You are camouflaged when in or above water. (Stealth+)))
You have tentacles for arms and can constrict up to eight enemies at once.


Message History

Your crimson imp blinks!
You hit the jackal.
The jackal is almost dead.
You constrict the jackal.
You kill the jackal!
You hit the ball python.
You kill the ball python!
The endoplasm attacks as you move away! The endoplasm barely misses you.
Your crimson imp blinks!
The endoplasm attacks as you move away! The endoplasm misses you.
You see here a rat corpse.
You swap places.
The endoplasm misses your crimson imp.
Your crimson imp hits the endoplasm but does no damage.
The endoplasm hits your crimson imp but does no damage.
Your crimson imp hits the endoplasm.
The endoplasm barely misses your crimson imp.
Your crimson imp hits the endoplasm.
The endoplasm closely misses your crimson imp.
Your crimson imp hits the endoplasm.
The endoplasm dies!
The rat twitches its whiskers.
Your crimson imp blinks!
The rat bites you.
* * * LOW HITPOINT WARNING * * *
You closely miss the rat. You grab the rat. You constrict the rat.
The rat bites you.
* * * LOW HITPOINT WARNING * * *
Your crimson imp hits the jackal.
You hit the rat but do no damage. You squeeze the rat.
You kill the rat!
The jackal bites you.
* * * LOW HITPOINT WARNING * * *
You hit the jackal. Your grab misses the jackal.
The jackal is almost dead.
The jackal misses you.
Your crimson imp hits the jackal but does no damage.
You hit the jackal but do no damage. Your grab misses the jackal.
The jackal is almost dead.
The jackal bites you.
You die...

### #.# #.# #### #####
##.# #.. ..... ...# #.#
... ##'##
#######.###.##### ....#
#.......)........ ....#
#.#####.#@).#####
....####.#####.#h#......
##.###.......#.#5#.###.#
######.......#.#.#.#
.....'.......#.#.#.#
###..#.......#.#.#.#
..†..#.......#.#.#h#.##..
#.#..###..#### #......r..
#.#..# #..# ###.#.....


You could see a jackal (ally target) and a friendly crimson imp (summoned).

Vanquished Creatures
  An endoplasm (D:1)
  A giant cockroach (D:1)
  4 goblins (D:1)
  3 jackals (D:1)
  A ball python (D:1)
  2 bats (D:1)
  A frilled lizard (D:1)
  A kobold (D:1)
  2 rats (D:1)
16 creatures vanquished.

Vanquished Creatures (collateral kills)
  An endoplasm (D:1)
1 creature vanquished.

Grand Total: 17 creatures vanquished

Notes
Turn   | Place    | Note
-------+----------+-------------------------------------------
     0 | D:1      | mopl the Octopode Summoner began the quest for the Orb.
     0 | D:1      | Reached XP level 1. HP: 11/11 MP: 3/3
   105 | D:1      | Reached skill level 3 in Stealth
   105 | D:1      | Reached XP level 2. HP: 17/17 MP: 5/5
   116 | D:1      | Learned a level 2 spell: Call Imp
   229 | D:1      | Slain by a jackal

Illustrated notes

Levels and vault maps discovered:
D:1:      minmay_arrival_four_loops, layout_basic

Skill      XL: |  1 |
---------------+----+-----
Stealth        | 3 |  3.2
Dodging        | |  2.3
Spellcasting   | |  2.2
Summonings     | |  4.2

Action                   || total
-------------------------++-------
Melee: Dagger            ||    30
       Unarmed           ||     3
       Constrict         ||     6
       Punch             ||     1
       Tentacles         ||     3
 Cast: Call Imp          ||     1
 Stab: Sleeping          ||     6
Armor: Skin              ||     1
Dodge: Dodged            ||    25

Table legend: (Time is in decaauts)
 A = Elapsed time spent in this place.
 B = Non-inter-level travel time spent in this place.
 C = Inter-level travel time spent in this place.
 D = Time resting spent in this place.
 E = Time spent auto-exploring this place.
 F = Levels seen in this place.
 G = Mean time per level.
                   A        B        C        D        E       F      G
               +--------+--------+--------+--------+--------+-----+--------+
         Total |    228 |    228 |      0 |      0 |    128 |   1 |  228.0 |
       Dungeon |    228 |    228 |      0 |      0 |    128 |   1 |  228.0 |
               +--------+--------+--------+--------+--------+-----+--------+

Top non-repeatable levels by time:
     D:1: 228 daAuts
